 Dungeon Crawl Stone Soup version 0.27-a0-988-g25969acef8 (webtiles) character file.

Game seed: 5761920873019750288

80 tardwrangler69 the Digger (level 4, -1/33 HPs)
             Began as a Draconian Earth Elementalist on Apr 15, 2021.
             Splashed by a jelly's acid (8 damage)
             ... on level 3 of the Dungeon.
             The game lasted 00:02:08 (3457 turns).

tardwrangler69 the Digger (DrEE)                    Turns: 3457, Time: 00:02:08

Health: -1/33      AC: -3    Str: 10    XL:     4   Next: 18%
Magic:  6/8        EV: 12    Int: 17    God:
Gold:   187        SH:  0    Dex: 11    Spells: 7/8 levels left

rFire    . . .     SeeInvis .   f - +0 whip
rCold    . . .     Faith    .   (no shield)
rNeg     . . .     Spirit   .   (armour unavailable)
rPois    .         Reflect  .   (helmet restricted)
rElec    .         Harm     .   (no cloak)
rCorr    .         Rampage  .   (no gloves)
Will     .....                  (no boots)
Stlth    ++........             (no amulet)
HPRegen  0.11/turn              (no ring)
MPRegen  0.11/turn              (no ring)

@: corroded, very slightly contaminated
A: AC +5, unfitting armour, cold-blooded
a: no special abilities


You were on level 3 of the Dungeon.
You visited 1 branch of the dungeon, and saw 3 of its levels.

You collected 187 gold pieces.

Inventory:

Hand Weapons
 f - a +0 whip (weapon)
Missiles
 a - a throwing net
 b - 84 stones
Scrolls
 c - a scroll of enchant weapon {unknown}
 e - 2 scrolls of identify {unknown}
 h - 4 scrolls of teleportation {unknown}
 i - a scroll of vulnerability {unknown}
 j - a scroll of fear {unknown}
 l - a scroll of immolation {unknown}
 m - a scroll of amnesia {unknown}
Potions
 d - a potion of experience {unknown}
 g - a potion of curing {unknown}
 k - a potion of flight {unknown}


   Skills:
 - Level 1.7 Dodging
 - Level 1.7 Stealth
 + Level 2.8 Spellcasting
 - Level 1.0 Transmutations
 * Level 4.5 Earth Magic


You had 7 spell levels left.
You knew the following spells:

 Your Spells              Type           Power      Damage    Failure   Level
a - Sandblast             Erth           34%        2d9       2%          1

Your spell library contained the following spells:

 Spells                   Type           Power      Damage    Failure   Level
 Passwall                 Tmut/Erth      9%         N/A       9%          2
 Stone Arrow              Conj/Erth      20%        3d8       22%         3
 Petrify                  Tmut/Erth      11%        N/A       50%         4
 Lee's Rapid Deconstruct  Erth           8%         3d8*      61%         5


Dungeon Overview and Level Annotations

Branches:
Dungeon (3/15)

Altars:

Shops:
D:1 =   D:2 *


Innate Abilities, Weirdness & Mutations

Your plain brown scales are hard. (AC +5)
You cannot fit into any form of body armour.
You are cold-blooded and may be slowed by cold attacks.


Message History

Unknown command.
Done exploring.
Done exploring.
Done exploring.
Done exploring.
(D) Dungeon
Where to? (Enter - D:2 @ (x,y), ? - help)
There is a stone staircase leading down here.
You climb downwards.
A jelly comes into view.
Found a fuming ruby potion and 21 stones.
Found a stone staircase leading up and a stone staircase leading down.
There is a stone staircase leading up here.
A jelly is nearby!
Found 12 gold pieces.
The jelly quivers.
The jelly hits you. The acid corrodes you!
You are splashed with acid!
You hit the jelly.
Your hands burn!
The jelly is moderately wounded.
The jelly hits you. The acid corrodes you!
You are splashed with acid!
* * * LOW HITPOINT WARNING * * *
Casting: Sandblast (safe; 2% risk of failure)
Confirm with . or Enter, or press ? or * to list all spells.
Aiming: Sandblast (safe; 2% risk of failure)
Press: ? - help, Shift-Dir - straight line, f - jelly
Aim: a jelly (moderately wounded, 100% to hit)
You miscast Sandblast.
You are very lightly contaminated with residual magic.
Nothing appears to happen.
The jelly completely misses you.
Casting: Sandblast (safe; 2% risk of failure)
Confirm with . or Enter, or press ? or * to list all spells.
Aiming: Sandblast (safe; 2% risk of failure)
Press: ? - help, Shift-Dir - straight line, f/p - jelly
Aim: a jelly (moderately wounded, 100% to hit)
The blast of sand hits the jelly!
The jelly is severely wounded.
The jelly hits you.
* * * LOW HITPOINT WARNING * * *
You are splashed with acid!
You die...

. .. .# +# # ...
#. .# .##.
...###.#.##$...
.............#
.....>.......##
.......J.......
.......@..#
.#.#......#
#.#......##
#.........#
.........<.#
.......#.........
.......!..<#####.
.......#....
#......#...#.


You could see a jelly.

Vanquished Creatures
  3 gnolls
  An adder (D:2)
  A worm (D:2)
  4 ball pythons
  4 bats
  6 endoplasms
  2 giant cockroaches (D:1)
  4 hobgoblins
  5 kobolds
  2 quokkas (D:2)
  A frilled lizard (D:1)
  A goblin (D:2)
  4 rats
38 creatures vanquished.

Vanquished Creatures (others)
  4 fungi (D:2)
  9 plants (D:2)
  5 toadstools (D:2)
18 creatures vanquished.

Grand Total: 56 creatures vanquished

Notes
Turn   | Place    | Note
-------+----------+-------------------------------------------
     0 | D:1      | tardwrangler69 the Draconian Earth Elementalist began the
                  | quest for the Orb.
     0 | D:1      | Reached XP level 1. HP: 14/14 MP: 3/3
   458 | D:1      | Reached XP level 2. HP: 4/20 MP: 0/5
   716 | D:1      | Found Fogedwoj's Jewellery Boutique.
  2341 | D:1      | Reached skill level 4 in Earth Magic
  2341 | D:1      | Reached XP level 3. HP: 21/26 MP: 3/6
  2671 | D:2      | Found Iselynuf's Assorted Antiques.
  2674 | D:2      | Reached XP level 4. HP: 26/33 MP: 5/8
  3157 | D:2      | Found a faded altar of an unknown god.
  3457 | D:3      | Splashed by a jelly's acid

Illustrated notes

Levels and vault maps discovered:
D:1:      saegor_arrival_simple_e, layout_basic, serial_shops,
          nicolae_shop_crystal, dk_noncrumbling_4
D:2:      layout_rooms, hellmonk_ecumenical_altar_crossroads, serial_shops,
          shop, serial_bayou_lagoon_a, moated_statue, minmay_gold_behind_fungi,
          minmay_misc_feat_hallway
D:3:      minmay_skewed_foursquare, layout_basic, kennysheep_generic_room_5

Skill      XL: |  1  2 |
---------------+-------+-----
Earth Magic    | 4 |  4.5
Dodging        | |  1.7
Stealth        | |  1.7
Spellcasting   | |  2.8
Transmutations | |  1.0

Action                   |  1- 3 |  4- 6 || total
-------------------------+-------+-------++-------
Melee: Short sword       |    28 |       ||    28
       Unarmed           |    13 |       ||    13
       Tailslap          |    13 |     2 ||    15
       Whip              |    64 |    14 ||    78
 Cast: Sandblast         |    16 |     6 ||    22
 Stab: Sleeping          |     3 |       ||     3
Armor: Skin              |    37 |     7 ||    44
Dodge: Dodged            |    68 |    10 ||    78

Table legend: (Time is in decaauts)
 A = Elapsed time spent in this place.
 B = Non-inter-level travel time spent in this place.
 C = Inter-level travel time spent in this place.
 D = Time resting spent in this place.
 E = Time spent auto-exploring this place.
 F = Levels seen in this place.
 G = Mean time per level.
                   A        B        C        D        E       F      G
               +--------+--------+--------+--------+--------+-----+--------+
         Total |   3479 |   3376 |    103 |    243 |   2807 |   3 | 1159.7 |
       Dungeon |   3479 |   3376 |    103 |    243 |   2807 |   3 | 1159.7 |
               +--------+--------+--------+--------+--------+-----+--------+

Top non-repeatable levels by time:
     D:1: 2374 daAuts
     D:2: 1098 daAuts
     D:3: 6 daAuts
